 Dungeon Crawl Stone Soup version 0.21-a0-39-g28ea6b7 (webtiles) character file.

104 KristoblXynda the Sneak (level 4, -2/34 HPs)
             Began as a Vampire Monk on May 31, 2017.
             Slain by an orc wizard
             ... wielding a +0 dagger
              (5 damage)
             ... on level 3 of the Dungeon.
             The game lasted 00:04:24 (2224 turns).

KristoblXynda the Sneak (Vampire Monk)              Turns: 2224, Time: 00:04:25

Health: -2/34      AC:  2    Str: 16    XL:     4   Next: 52%
Magic:  4/4        EV: 14    Int: 12    God:
Gold:   75         SH:  0    Dex: 16    Spells: 3/3 levels left

rFire    . . .     SeeInvis +   a - +0 falchion
rCold    . . .     Gourm    .   (no shield)
rNeg     + . .     Faith    .   b - +0 robe
rPois    .         Spirit   .   (no helmet)
rElec    .         Reflect  .   (no cloak)
rCorr    .         Harm     .   (no gloves)
MR       .....                  (no boots)
Stlth    +++.......             (no amulet)
Regen    0.2/turn               (no ring)
MPRegen  0.1/turn               (no ring)

@: mighty, slowed, very slow
A: fangs 3, see invisible, unbreathing
a: Bat Form


You were on level 3 of the Dungeon.
You were not thirsty.

You visited 1 branch of the dungeon, and saw 3 of its levels.

You collected 75 gold pieces.

Inventory:

Hand Weapons
 a - a +0 falchion (weapon)
Armour
 b - a +0 robe (worn)
 d - a cursed +0 ring mail
Jewellery
 l - an uncursed ring of fire {unknown}
Scrolls
 g - a scroll of remove curse {unknown}
 k - 2 scrolls of enchant weapon {unknown}
 m - a scroll of teleportation {unknown}
 n - 2 scrolls of recharging {unknown}
 o - a scroll of identify {unknown}
 q - a scroll of amnesia {unknown}
 r - a scroll of fog {unknown}
Potions
 c - 4 potions of blood
 e - a potion of brilliance
 f - a potion of agility {unknown}
 i - a potion of heal wounds {unknown}


   Skills:
 - Level 2.6 Fighting
 + Level 4.0 Long Blades
 + Level 1.4 Armour
 - Level 3.3 Dodging
 + Level 5.1 Stealth


You had 3 spell levels left.
You didn't know any spells.

Dungeon Overview and Level Annotations

Branches:
Dungeon (3/15)

Altars:


Innate Abilities, Weirdness & Mutations

You have razor-sharp teeth.
You have supernaturally acute eyesight. (SInv)
You can survive without breathing.


Message History

The orc wizard casts a spell.
The orc wizard blinks!
You see here 2 tomahawks.
You hit the orc.
You kill the orc!
The orc wizard is no longer moving quickly.
The orc wizard misses you.
You hit the orc wizard.
The orc wizard is almost dead.
The orc wizard hits you with a dagger.
* * * LOW HITPOINT WARNING * * *
The orc wizard barely misses you.
You hit the orc wizard but do no damage.
The orc wizard is almost dead.
The orc wizard casts a spell at you.
You feel as though you will be slow longer.
It was a potion of might.
You feel very mighty all of a sudden. The orc wizard hits you with a dagger.
You die...

#........o# #.......$.#
#.........# ####.###########
#.##........# #.##........#
#.##........#
#.####....#########
#o.........)o@....#
######....#######.# ..#...#
#....# #.#####.#...# #....#
#.#...#.#...# #....#
#.#.........# ######
#.#.........# ######'#.........#
#................##
##############........####......


You could see an orc wizard.

Vanquished Creatures
  An orc wizard (D:3)
  An adder (D:3)
  3 oozes
  A worm (D:2)
  A dart slug (D:2)
  A leopard gecko (D:1)
  2 orcs (D:3)
  2 giant cockroaches (D:3)
  7 goblins
  5 hobgoblins
  9 kobolds
  5 bats
  5 frilled lizards
  2 rats (D:2)
45 creatures vanquished.

Notes
Turn   | Place    | Note
-------+----------+-------------------------------------------
     0 | D:1      | KristoblXynda the Vampire Monk began the quest for the Orb.
     0 | D:1      | Reached XP level 1. HP: 17/17 MP: 1/1
   116 | D:1      | Reached XP level 2. HP: 21/23 MP: 2/2
   560 | D:2      | Reached skill level 4 in Stealth
   560 | D:2      | Reached XP level 3. HP: 7/28 MP: 3/3
   719 | D:2      | Reached skill level 1 in Armour
  1602 | D:3      | Reached XP level 4. HP: 9/34 MP: 4/4
  2201 | D:3      | Reached skill level 5 in Stealth
  2224 | D:3      | Slain by an orc wizard

Vault maps used:
D:1:      roderic_chinese_lattice_arrival, st_stairs_11
D:3:      first_bread, uniq_jessica

Skill      XL: |  1  2  3  4 |
---------------+-------------+-----
Stealth        | 4 5 |  5.1
Armour         | 1 |  1.4
Long Blades    | 4 |  4.0
Fighting       | |  2.6
Dodging        | |  3.3

Action                   |  1- 3 |  4- 6 || total
-------------------------+-------+-------++-------
Melee: Falchion          |   102 |    42 ||   144
       Bite              |    10 |     3 ||    13
  Use: Potion            |     1 |     7 ||     8
 Stab: Sleeping          |    13 |       ||    13
Armor: Robe              |    16 |     4 ||    20
Dodge: Dodged            |    84 |    32 ||   116
       Rpst.: Falchion   |    24 |     9 ||    33
